 Dungeon Crawl Stone Soup version 0.30-a0-847-g17996783a1 (webtiles) character file.

Game seed: 14967982105111080458

1983 octoduck the Carver (level 9, 0/64 HPs)
             Began as a Merfolk Monk on Mar 3, 2023.
             Was a Believer of Fedhas.
             Slain by a two-headed ogre
             ... wielding a +0 giant club
              (16 damage)
             ... on level 7 of the Dungeon.
             The game lasted 00:20:32 (7168 turns).

octoduck the Carver (Merfolk Monk)                  Turns: 7168, Time: 00:20:33

Health: 0/64       AC:  7    Str: 12    XL:     9   Next: 20%
Magic:  11/14      EV: 12    Int: 11    God:    Fedhas [**....]
Gold:   334        SH:  0    Dex: 18    Spells: 8/8 levels left

rFire   . . .      SeeInvis .    a - +1 falchion (venom)
rCold   + . .      Faith    .    (no shield)
rNeg    . . .      Spirit   .    l - +2 ring mail {rC+}
rPois   .          Reflect  .    (no helmet)
rElec   .          Rampage  .    (no cloak)
rCorr   .                        (no gloves)
Will    .....                    (no boots)
Stlth   ++                       (no amulet)
HPRegen 0.30/turn                (no ring)
MPRegen 0.14/turn                (no ring)

@: no status effects
A: (nimble swimmer 2), mertail
a: Renounce Religion, Wall of Briars


You were on level 7 of the Dungeon.
You worshipped Fedhas.
Fedhas was pleased with you.
You visited 2 branches of the dungeon, and saw 9 of its levels.
You also visited: Ossuary.

You collected 334 gold pieces.

Inventory:

Hand Weapons
 a - a +1 falchion of venom (weapon)
 i - a +0 sling
Missiles
 q - a throwing net (quivered)
 A - 4 poisoned darts
Armour
 l - a +2 ring mail of cold resistance (worn)
 v - a +0 scale mail
Wands
 B - a wand of acid (6)
Scrolls
 h - 2 scrolls of magic mapping
 n - 2 scrolls of immolation
 o - 3 scrolls of teleportation {unknown}
 p - a scroll of silence {unknown}
 t - a scroll of blinking {unknown}
 w - a scroll of brand weapon
 x - a scroll of identify
 y - a scroll of enchant armour
 z - a scroll of vulnerability {unknown}
Potions
 b - a potion of cancellation {unknown}
 c - 2 potions of ambrosia
 d - 4 potions of heal wounds
 e - 5 potions of curing
 f - a potion of attraction {unknown}
 g - 7 potions of degeneration
 j - 3 potions of flight
 k - 2 potions of lignification
 m - 2 potions of mutation
 r - 3 potions of invisibility {unknown}
 s - 3 potions of haste {unknown}
 u - 2 potions of brilliance {unknown}


   Skills:
 - Level 3.2 Fighting
 * Level 12.3 Long Blades
 - Level 4.0 Dodging
 - Level 2.1 Stealth
 + Level 6.7 Invocations


You had 8 spell levels left.
You didn't know any spells.
Your spell library contained the following spells:

 Spells                   Type           Power      Damage    Failure   Level
 Apportation              Tloc           0%         N/A       63%         1
 Necrotise                Necr           0%         1d4       63%         1
 Summon Small Mammal      Summ           0%         N/A       63%         1
 Dazzling Flash           Conj/Hex       0%         N/A       94%         3
 Iskenderun's Mystic Bla  Conj/Tloc      0%         2d3       100%        4
 Starburst                Conj/Fire      0%         6d3       100%        6


Dungeon Overview and Level Annotations

Branches:
Dungeon (8/15)             Temple (1/1) D:6         Ossuary (visited)
   Lair: D:8-11

Altars:
Ashenzari
Elyvilon
Fedhas
Ru
Trog
Uskayaw
Vehumet
Xom
Yredelemnul

Shops:
D:4 [

Annotations:
D:6 exclusion: downstairs
D:7 1 runed translucent door
D:8 exclusion: gnoll sergeant, Psyche


Innate Abilities, Weirdness & Mutations

((You are very nimble when in or above water. (Stealth+, EV+, Speed+++)))
Your lower body shifts to a powerful aquatic tail in water.


Message History

Okay, then.
A briar patch grows up from the ground. x3
The two-headed ogre is struck by your briar patch's thorns.
The two-headed ogre hits your briar patch but does no damage.
The two-headed ogre hits your briar patch with a +0 giant spiked club!
The two-headed ogre hits your briar patch with a +0 giant club!!
Your briar patch is destroyed!
Your briar patch disappears in a puff of smoke!
Aiming: Corrosive Bolt
Press: ? - help, Shift-Dir - straight line, f - two-headed ogre
Aim: a two-headed ogre, wielding a +0 giant club and a +0 giant spiked club (moderately wounded, ally target, 86% to hit)
The bolt of acid hits the two-headed ogre!
The acid corrodes the two-headed ogre!
The two-headed ogre is heavily wounded.
The two-headed ogre hits you with a +0 giant club!
The two-headed ogre misses you.
Okay, then.
Throw: 6 darts (poison)
Press: ? - help, Shift-Dir - straight line, f/p - two-headed ogre
Aim: a two-headed ogre, wielding a +0 giant club and a +0 giant spiked club (heavily wounded, covered in acid, ally target, 76% to hit)
You throw a poisoned dart.
The poisoned dart barely misses the two-headed ogre.
You feel yourself speed up. The two-headed ogre closely misses you.
The two-headed ogre hits you but does no damage.
Throw: 5 darts (poison)
Press: ? - help, Shift-Dir - straight line, f/p - two-headed ogre
Aim: a two-headed ogre, wielding a +0 giant club and a +0 giant spiked club (heavily wounded, covered in acid, ally target, 76% to hit)
You throw a poisoned dart.
The poisoned dart hits the two-headed ogre.
The two-headed ogre is poisoned.
The two-headed ogre is heavily wounded.
You hit the two-headed ogre.
The two-headed ogre looks as sick as possible!
The two-headed ogre is heavily wounded.
The two-headed ogre hits you with a +0 giant club!!
* * * LOW HITPOINT WARNING * * *
The two-headed ogre hits you with a +0 giant spiked club!
You die...
Fedhas appreciates your contribution to the ecosystem.

### ####### #####..
#P@O.(#######.....#
#P###.#.....#.....#
#...#.......#.....#
#.#.###.....#####.#
#.#.# ####..#####.#
#.#.#######........
#.#.##......###...#
#.#.#.........+...#
#.#(#.......###...#


You could see a two-headed ogre (extremely poisoned, corroded, ally target).

Vanquished Creatures
  A wyvern (D:7)
  A wraith (D:7)
  A steam dragon (D:6)
  A black bear (D:6)
  2 ice beasts (D:7)
  A sky beast (D:6)
  2 ogres
  Blork the orc (D:5)
  A bullfrog (D:7)
  An elf skeleton (D:5)
  3 water moccasin zombies (Ossuary)
  2 howler monkeys
  A human zombie (D:5)
  A gnoll bouda (D:4)
  A human skeleton (D:5)
  5 iguanas
  3 orc wizards
  2 mummies (Ossuary)
  4 adders
  6 gnolls
  A white imp (D:7)
  An ufetubus (D:6)
  2 adder zombies (Ossuary)
  A worm (D:3)
  7 orcs
  7 bats
  9 endoplasms
  2 giant cockroaches (D:1)
  6 hobgoblins
  3 jackals (D:2)
  3 quokkas (D:1)
  8 ball pythons
  3 frilled lizards
  6 gnoll zombies (Ossuary)
  4 goblins
  7 hobgoblin zombies (Ossuary)
  7 kobolds
  3 kobold zombies (Ossuary)
  3 orc skeletons (D:5)
  5 orc zombies (Ossuary)
  4 rats
132 creatures vanquished.

Vanquished Creatures (collateral kills)
  A black bear (D:6)
  5 ballistomycete spores
6 creatures vanquished.

Vanquished Creatures (others)
  A fungus (D:1)
  A plant (D:1)
2 creatures vanquished.

Grand Total: 140 creatures vanquished

Notes
Turn   | Place    | Note
-------+----------+-------------------------------------------
     0 | D:1      | octoduck the Merfolk Monk began the quest for the Orb.
     0 | D:1      | Reached XP level 1. HP: 18/18 MP: 1/1
   167 | D:1      | Reached skill level 4 in Long Blades
   283 | D:1      | Found a faded altar of an unknown god.
   382 | D:1      | Reached XP level 2. HP: 24/24 MP: 2/2
   757 | D:1      | Reached XP level 3. HP: 29/29 MP: 3/3
   759 | D:1      | Reached skill level 5 in Long Blades
  1360 | D:2      | Reached XP level 4. HP: 30/35 MP: 4/4
  1580 | D:2      | Reached skill level 6 in Long Blades
  2312 | D:3      | Found a blossoming altar of Fedhas.
  2364 | D:3      | Became a worshipper of Fedhas Madash
  2364 | D:3      | Reached * piety under Fedhas
  2364 | D:3      | Reached ** piety under Fedhas
  2512 | D:4      | Found Suuveuhe's Armour Shop.
  2546 | D:4      | Found a sacrificial altar of Ru.
  2735 | D:4      | Reached XP level 5. HP: 41/41 MP: 5/5
  2749 | D:4      | Reached skill level 1 in Invocations
  2927 | D:4      | Found a bloodstained altar of Trog.
  2954 | D:5      | Entered Level 5 of the Dungeon
  2954 | D:5      | Noticed Blork the orc
  2965 | D:5      | Killed Blork the orc
  2966 | D:5      | Reached skill level 7 in Long Blades
  3012 | D:5      | Found a broken altar of Ashenzari.
  3166 | D:5      | Reached XP level 6. HP: 31/47 MP: 7/7
  3400 | D:5      | Found a radiant altar of Vehumet.
  3476 | D:5      | Found a sand-covered staircase.
  3484 | Ossuary  | Entered an ossuary
  3505 | Ossuary  | Reached skill level 8 in Long Blades
  3642 | Ossuary  | Reached XP level 7. HP: 46/52 MP: 9/9
  3753 | Ossuary  | Reached *** piety under Fedhas
  3974 | D:5      | Reached skill level 9 in Long Blades
  4090 | D:5      | Found a basalt altar of Yredelemnul.
  4444 | D:5      | Found a shimmering altar of Xom.
  4453 | D:5      | Found a white marble altar of Elyvilon.
  4640 | D:6      | Reached XP level 8. HP: 47/58 MP: 11/11
  4771 | D:4      | Reached skill level 10 in Long Blades
  4984 | D:6      | Found a staircase to the Ecumenical Temple.
  5002 | Temple   | Entered the Ecumenical Temple
  5297 | D:6      | Reached skill level 5 in Invocations
  5854 | D:6      | Reached skill level 11 in Long Blades
  6148 | D:7      | Noticed a wyvern
  6545 | D:7      | Reached XP level 9. HP: 59/64 MP: 13/13
  6773 | D:7      | Reached skill level 12 in Long Blades
  6844 | D:7      | Found a runed translucent door.
  6845 | D:7      | Noticed a cyclops
  6845 | D:7      | Noticed a boulder beetle
  6845 | D:7      | Noticed a two-headed ogre
  7102 | D:8      | Noticed Psyche
  7168 | D:7      | Slain by a two-headed ogre

Illustrated notes

Levels and vault maps discovered:
D:1:      mrwooster_arrival_arrow, layout_loops_ring,
          shapermc_ecumenical_altar_petra, minmay_strange_pillars
D:2:      layout_rooms
D:3:      layout_basic, mainiacjoe_overflow_small_starburst
D:4:      layout_cave_pools, mainiacjoe_overflow_surrounded_room, trog_book,
          serial_shops, nicolae_square_shop
D:5:      layout_gridville, nicolae_overflow_crystal_walls,
          mainiacjoe_overflow_swirl, mainiacjoe_overflow_alcove_1,
          mainiacjoe_overflow_catwalk, nicolae_ossuary_entry_catacombs,
          uniq_blork_the_orc
D:6:      layout_cave_pods, tgw_sif, minmay_temple_entry_tees,
          wad_floor_pattern_1, minmay_misc_feat_iff
D:7:      minmay_the_grid_triangle_9x9_recursive_2
          [minmay_the_grid_triangle_9x9_prize_top_heavy,
          minmay_the_grid_triangle_9x9_flanged_cone,
          minmay_the_grid_triangle_9x9_fully_insulated_deathbox,
          minmay_the_grid_triangle_9x9_shrine], layout_basic
D:8:      layout_basic, minmay_hollow_rounded_squares, uniq_psyche
Temple:   dshaligram_water_room_temple

Skill      XL: |  1  2  3  4  5  6  7  8  9 |
---------------+----------------------------+-----
Long Blades    | 4 5 6 7 8 9 11 12 | 12.3
Invocations    | 2 3 4 6 |  6.7
Fighting       | |  3.2
Dodging        | |  4.0
Stealth        | |  2.1

Action                     |  1- 3 |  4- 6 |  7- 9 || total
---------------------------+-------+-------+-------++-------
  Melee: Falchion          |   120 |   189 |   217 ||   526
         Punch             |     3 |     3 |     1 ||     7
  Throw: Dart              |       |       |     2 ||     2
 Invoke: Grow Ballistomyce |       |       |     4 ||     4
         Wall of Briars    |       |       |     3 ||     3
  Evoke: Wand              |       |       |     1 ||     1
    Use: Scroll            |     2 |     7 |     4 ||    13
   Stab: Sleeping          |     4 |     4 |     3 ||    11
 Armour: Robe              |     2 |       |       ||     2
         Ring mail         |    43 |    53 |    52 ||   148
  Dodge: Dodged            |    72 |    95 |    77 ||   244

Table legend: (Time is in decaauts)
 A = Elapsed time spent in this place.
 B = Non-inter-level travel time spent in this place.
 C = Inter-level travel time spent in this place.
 D = Time resting spent in this place.
 E = Time spent auto-exploring this place.
 F = Levels seen in this place.
 G = Mean time per level.
                   A        B        C        D        E       F      G
               +--------+--------+--------+--------+--------+-----+--------+
         Total |   7132 |   6598 |    534 |   1547 |   2977 |  10 |  713.2 |
       Dungeon |   6765 |   6231 |    534 |   1420 |   2977 |   8 |  845.6 |
        Temple |      1 |      1 |      0 |      0 |      0 |   1 |    1.0 |
       Ossuary |    365 |    365 |      0 |    127 |      0 |   1 |  365.0 |
               +--------+--------+--------+--------+--------+-----+--------+

Top non-repeatable levels by time:
     D:6: 1261 daAuts
     D:5: 1250 daAuts
     D:1: 1177 daAuts
     D:4: 876 daAuts
     D:7: 739 daAuts
     D:2: 738 daAuts
     D:3: 551 daAuts
 Ossuary: 365 daAuts
     D:8: 169 daAuts
  Temple: 1 daAuts
